 Dungeon Crawl Stone Soup version 0.19.5 (webtiles) character file.

569 Jerry the Magician (level 7, -3/50 HPs)
             Began as a Grey Draconian Air Elementalist on Mar 14, 2017.
             Slain by Duvessa
             ... wielding a +0 rapier
              (5 damage)
             ... on level 4 of the Dungeon.
             The game lasted 00:29:39 (5404 turns).

Jerry the Magician (DrAE)                           Turns: 5404, Time: 00:29:39

Health: -3/50      AC: 13    Str: 10    XL:     7   Next: 11%
Magic:  3/13       EV: 12    Int: 18    God:
Gold:   256        SH:  0    Dex: 11    Spells: 3 memorised, 9 levels left

rFire  . . .     SeeInvis .     f - +0 long sword
rCold  . . .     Gourm    .     (armour unavailable)
rNeg   . . .     Faith    .     (no shield)
rPois  .         Spirit   .     (helmet restricted)
rElec  .         Reflect  .     (no cloak)
rCorr  .         Harm     .     e - +1 pair of gloves
MR     .....                    (no boots)
Stlth  ++........               (no amulet)
                                (no ring)
                                (no ring)

@: lethally poisoned (-3 -> -4), about to teleport
A: walk through water, unfitting armour, unbreathing, cold-blooded, AC +11
a: no special abilities


You were on level 4 of the Dungeon.
You were not hungry.

You visited 1 branch of the dungeon, and saw 4 of its levels.

You collected 256 gold pieces.

Inventory:

Hand Weapons
 f - a +0 long sword (weapon)
Armour
 e - a +1 pair of gloves (worn)
Jewellery
 c - an uncursed amulet of rage {unknown}
Wands
 i - a wand of lightning (9/15)
 n - a wand of lightning (6/15)
Scrolls
 j - a scroll of remove curse
 s - a scroll of immolation {unknown}
Potions
 d - a potion of heal wounds {unknown}
 g - a potion of agility
 h - 2 potions of curing
 l - 3 potions of flight {unknown}
 p - 2 potions of degeneration {unknown}
Books
 a - a book of Air

   Spells                             Type                      Level
   a - Shock                          Conjuration/Air              1
   b - Swiftness                      Charms/Air                   2
   c - Repel Missiles                 Charms/Air                   2
   d - Static Discharge               Conjuration/Air              3
   e - Lightning Bolt                 Conjuration/Air              5
Comestibles
 b - 4 bread rations
 k - a beef jerky
 m - 3 fruits
 o - a meat ration
 r - a chunk of flesh


   Skills:
 - Level 1.7 Dodging
 - Level 1.7 Stealth
 + Level 4.2 Spellcasting
 + Level 4.1 Conjurations
 - Level 1.6 Charms
 + Level 4.2 Air Magic


You had 9 spell levels left.
You knew the following spells:

 Your Spells              Type           Power        Failure   Level  Hunger
a - Shock                 Conj/Air       ###.         2%          1    None
b - Repel Missiles        Chrm/Air       ##....       8%          2    ##.....
c - Swiftness             Chrm/Air       ##......     8%          2    ##.....


Dungeon Overview and Level Annotations

Branches:
Dungeon (4/15)
 Temple: D:4-7

Altars:
Dithmenos

Annotations:
D:2 Sigmund
D:4 Duvessa


Innate Abilities, Weirdness & Mutations

You can walk through water.
Your dull iron-grey scales are very hard. (AC +11)
You cannot fit into any form of body armour.
You can survive without breathing.
You are cold-blooded and may be slowed by cold attacks.


Message History

Casting: Shock
Confirm with . or Enter, or press ? or * to list all spells.
Aiming: Shock
Press: ? - help, Shift-Dir - straight line The zap hits Duvessa.
Duvessa is heavily wounded.
The zap misses Duvessa.
Duvessa closely misses you.
Casting: Shock
Confirm with . or Enter, or press ? or * to list all spells.
Aiming: Shock
Press: ? - help, Shift-Dir - straight line The zap hits Duvessa.
Duvessa is heavily wounded.
The zap misses Duvessa.
Duvessa hits you with a rapier!
* * * LOW HITPOINT WARNING * * *
Duvessa hits you but does no damage.
As you read the scroll labeled AGHAOKHL ZOUMOLL, it crumbles to dust.
You feel strangely unstable.
It was a scroll of teleportation.
You feel sick. Duvessa hits you with a rapier.
You die...

#############.#...######
.......#....#.#..(.....####
.#####.##.#.#....#####.##.###
.#####.##.#.......####.##...#####
.....[...)[..)...................
.#...######.#.###.#.......#.#####
.................................
...#.#.#.#######..#.#############
.###.#...#....##@e).# .# #.###.#
##....#### .# #.#.o.# #<..###
######## .# #.##.## #...#
........ .# #.##.# #..........
........ .# #....# ##.........
........ .######## ..........
........ .....# ###........
......... .....# #........
.........


You could see Duvessa (berserk).

Vanquished Creatures
  An ogre (D:4)
  The ghost of Turtleman12345 the Grave Robber, an amateur HuNe of Vehumet (D:3)
  A scorpion (D:4)
  Dowan (D:4)
  A hound (D:4)
  2 bullfrog skeletons (D:4)
  2 worker ants (D:4)
  6 adders
  3 oozes
  An adder skeleton (D:4)
  A worm (D:3)
  4 dart slugs
  3 leopard geckos
  6 orcs (D:4)
  10 bats
  8 giant cockroaches
  10 goblins
  9 hobgoblins
  10 jackals
  8 kobolds
  3 quokkas
  7 frilled lizards
  A quokka skeleton (D:4)
  7 rats
106 creatures vanquished.

Notes
Turn   | Place    | Note
-------+----------+-------------------------------------------
     0 | D:1      | Jerry the Draconian Air Elementalist began the quest for the Orb.
     0 | D:1      | Reached XP level 1. HP: 14/14 MP: 3/3
   302 | D:1      | Reached XP level 2. HP: 14/20 MP: 1/5
   583 | D:1      | Learned a level 2 spell: Repel Missiles
  1032 | D:1      | Learned a level 2 spell: Swiftness
  1099 | D:1      | Reached XP level 3. HP: 26/26 MP: 3/6
  2368 | D:2      | Reached XP level 4. HP: 33/33 MP: 3/8
  2812 | D:2      | Noticed Sigmund
  2981 | D:3      | Found a shadowy altar of Dithmenos.
  3317 | D:3      | Reached skill level 1 in Charms
  3462 | D:3      | Noticed Turtleman12345's ghost (amateur HuNe)
  3489 | D:3      | Killed Turtleman12345's ghost
  3489 | D:3      | Reached XP level 5. HP: 38/38 MP: 1/9
  4446 | D:4      | Noticed Duvessa
  4446 | D:4      | Noticed Dowan
  4596 | D:4      | Reached XP level 6. HP: 45/45 MP: 5/11
  5152 | D:4      | Reached skill level 5 in Air Magic
  5286 | D:4      | Your scales start taking on a dull iron-grey colour.
  5286 | D:4      | Reached XP level 7. HP: 50/50 MP: 9/13
  5286 | D:4      | Gained mutation: You can survive without breathing. [Grey Draconian growth]
  5394 | D:4      | Killed Dowan
  5404 | D:4      | HP: 2/50 [poisoned by Dowan]
  5404 | D:4      | Slain by Duvessa

Skill      XL: |  1  2  3  4  5  6 |
---------------+-------------------+-----
Conjurations   | 2 3 4 |  4.1
Charms         | 1 |  1.6
Spellcasting   | 3 4 |  4.2
Air Magic      | 4 4 |  4.2
Dodging        | |  1.7
Stealth        | |  1.7

Action                   |  1- 3 |  4- 6 |  7- 9 || total
-------------------------+-------+-------+-------++-------
Melee: Whip              |    27 |     2 |       ||    29
       Tailslap          |     1 |     2 |       ||     3
       Long sword        |       |     3 |       ||     3
 Cast: Shock             |    99 |   151 |    15 ||   265
       Repel Missiles    |     1 |       |       ||     1
       Swiftness         |       |     1 |       ||     1
Evoke: Wand              |       |     1 |       ||     1
  Use: Scroll            |       |     4 |     1 ||     5
       Potion            |       |     2 |       ||     2
  Eat: Chunk             |     6 |     9 |       ||    15
Armor: Skin              |    12 |    14 |     5 ||    31
Dodge: Dodged            |    34 |    40 |     6 ||    80
       Deflected         |       |     2 |       ||     2
       Rpst.: Long sword |       |     8 |     2 ||    10
